MLB
MIAMI MARLINS @ WASHINGTON NATIONALS
08/25/2044
 
TOP OF THE 1ST
Miami Marlins batting - Pitching for Washington Nationals : LHP Joe Hincks
Pitching: LHP Joe Hincks
Batting: RHB Jeff Garofalo 0-0: Called Strike
0-1: Ball
1-1: Called Strike
1-2: Ball
2-2: Ball
3-2: DOUBLE (Line Drive, 9LM, EV 93.1 MPH)
Batting: RHB Justin Huff 0-0: Ball
1-0: Called Strike
1-1: Ball
2-1: Foul Ball, location: 2F
2-2: Ball
3-2: SINGLE (Groundball, 56D, EV 95.0 MPH)
Jeff Garofalo to third
Batting: LHB Andre Gorter 0-0: SINGLE (Line Drive, 7S, EV 101.3 MPH)
Jeff Garofalo scores
Justin Huff to second
Batting: RHB Jimmy Groseclose 0-0: SINGLE (Line Drive, 5D, EV 96.9 MPH)
Justin Huff to third
Andre Gorter to second
Runner from 3rd tries for Home, SAFE, throw by LF to home
Batting: RHB Mark Barger 0-0: Called Strike
0-1: Ball
1-1: Grounds into double play, 5-4-3 (Groundball, 25, EV 81.3 MPH)
Andre Gorter to third
Batting: RHB Roger Salazar 0-0: Called Strike
0-1: Foul Ball, location: 2F
0-2: Ball
1-2: Foul Ball, location: 2F
1-2: Foul Ball, location: 2F
1-2: Foul Ball, location: 2F
1-2: Strikes out swinging
Top of the 1st over - 2 runs, 4 hits, 0 errors, 1 left on base; Miami 2 - Washington 0
BOTTOM OF THE 1ST
Washington Nationals batting - Pitching for Miami Marlins : LHP Paul Cantrell
Pitching: LHP Paul Cantrell
Batting: RHB Luis Torres 0-0: Fly out, F3 (Popup, 34, EV 69.4 MPH)
Batting: RHB C.J. Beavers 0-0: Called Strike
0-1: Ball
1-1: SINGLE (Groundball, 5S, EV 70.6 MPH) (infield hit)
Batting: SHB Junzo Kato 0-0: Called Strike
C.J. Beavers steals 2nd base
0-1: Ball
1-1: Ball
2-1: Foul Ball, location: 2F
2-2: DOUBLE (Line Drive, 89D, EV 102.5 MPH)
C.J. Beavers scores
Batting: RHB John Sanders 0-0: Ball
1-0: Ball
2-0: Ball
3-0: Base on Balls
Batting: RHB Tommy Baird 0-0: Ball
1-0: Ball
2-0: Ball
3-0: Called Strike
3-1: Grounds into double play, 6-4-3 (Groundball, 6, EV 83.1 MPH)
Bottom of the 1st over - 1 run, 2 hits, 0 errors, 1 left on base; Miami 2 - Washington 1
TOP OF THE 2ND
Miami Marlins batting - Pitching for Washington Nationals : LHP Joe Hincks
Batting: RHB Seth Tramontano 0-0: Called Strike
0-1: Foul Ball, location: 2F
0-2: TRIPLE (Flyball, 9D, EV 91.9 MPH)
Batting: RHB Micah Christopher 0-0: Ball
1-0: Ball
2-0: Fly out, F7 (Flyball, 7LD, EV 91.9 MPH)
Runner from 3rd tags up, SCORES, no throw by LF
Batting: RHB Steve Barnard 0-0: Swinging Strike
0-1: Called Strike
0-2: Strikes out swinging
Batting: RHB Jeff Garofalo 0-0: Ball
1-0: Ball
2-0: Ball
3-0: Base on Balls
Batting: RHB Justin Huff 0-0: Ball
1-0: Ball
Jeff Garofalo steals 2nd base (no throw)
2-0: Called Strike
2-1: Fly out, F9 (Flyball, 89S, EV 90.6 MPH)
Top of the 2nd over - 1 run, 1 hit, 0 errors, 1 left on base; Miami 3 - Washington 1
BOTTOM OF THE 2ND
Washington Nationals batting - Pitching for Miami Marlins : LHP Paul Cantrell
Batting: RHB Dan Fallon 0-0: Called Strike
0-1: Called Strike
0-2: Fly out, F9 (Flyball, 9, EV 92.5 MPH)
Batting: RHB Jared Speck 0-0: Ball
1-0: Foul Ball, location: 2F
1-1: Ball
2-1: Ground out 4-3 (Groundball, 4, EV 84.4 MPH)
Batting: SHB Andrew Wray II 0-0: Called Strike
0-1: Ball
1-1: Ball
2-1: Swinging Strike
2-2: Ball
3-2: Foul Ball, location: 2F
3-2: Foul Ball, location: 2F
3-2: Ground out 5-3 (Groundball, 56, EV 111.3 MPH)
Bottom of the 2nd over - 0 runs, 0 hits, 0 errors, 0 left on base; Miami 3 - Washington 1
TOP OF THE 3RD
Miami Marlins batting - Pitching for Washington Nationals : LHP Joe Hincks
Batting: LHB Andre Gorter 0-0: Ball
1-0: Called Strike
1-1: SINGLE (Groundball, 56, EV 99.4 MPH)
Batting: RHB Jimmy Groseclose 0-0: Ball
1-0: Called Strike
1-1: Foul Ball, location: 2F
1-2: Strikes out looking
Batting: RHB Mark Barger 0-0: Ball
1-0: Foul Ball, location: 2F
1-1: Called Strike
1-2: Foul Ball, location: 2F
1-2: Grounds into double play, 5-4-3 (Groundball, 5L, EV 98.1 MPH)
Top of the 3rd over - 0 runs, 1 hit, 0 errors, 0 left on base; Miami 3 - Washington 1
BOTTOM OF THE 3RD
Washington Nationals batting - Pitching for Miami Marlins : LHP Paul Cantrell
Batting: LHB Seth Cook 0-0: Called Strike
0-1: Called Strike
0-2: Foul Ball, location: 2F
0-2: Ground out 4-3 (Groundball, 4, EV 112.5 MPH)
Batting: RHB Luis Torres 0-0: Called Strike
0-1: Ball
1-1: Swinging Strike
1-2: Ground out 5-3 (Groundball, 5, EV 81.3 MPH)
Batting: RHB C.J. Beavers 0-0: Foul Ball, location: 2F
0-1: Ball
1-1: Ball
2-1: Called Strike
2-2: Ground out 4-3 (Groundball, 4, EV 103.8 MPH)
Bottom of the 3rd over - 0 runs, 0 hits, 0 errors, 0 left on base; Miami 3 - Washington 1
TOP OF THE 4TH
Miami Marlins batting - Pitching for Washington Nationals : LHP Joe Hincks
Batting: RHB Roger Salazar 0-0: Foul Ball, location: 2F
0-1: Foul Ball, location: 2F
0-2: Ball
1-2: SINGLE (Groundball, 4MD, EV 100.6 MPH)
Batting: RHB Seth Tramontano 0-0: Ball
1-0: Ball
2-0: Fly out, F9 (Flyball, 9, EV 97.5 MPH)
Batting: RHB Micah Christopher 0-0: Called Strike
0-1: Foul Ball, location: 2F
0-2: Ball
1-2: SINGLE (Groundball, 34D, EV 108.1 MPH)
Roger Salazar to second
Runner from 2nd tries for 3rd, SAFE, throw by RF made to third
Batting: RHB Steve Barnard 0-0: Called Strike
0-1: Grounds into double play, 4-6-3 (Groundball, 4, EV 84.4 MPH)
Top of the 4th over - 0 runs, 2 hits, 0 errors, 1 left on base; Miami 3 - Washington 1
BOTTOM OF THE 4TH
Washington Nationals batting - Pitching for Miami Marlins : LHP Paul Cantrell
Batting: SHB Junzo Kato 0-0: Foul Ball, location: 2F
0-1: Ball
1-1: Foul Ball, location: 2F
1-2: Ball
2-2: Fly out, F2 (Popup, 23F, EV 72.5 MPH)
Batting: RHB John Sanders 0-0: Called Strike
0-1: SOLO HOME RUN (Flyball, 78XD, EV 111.3 MPH), Distance : 445 ft
Batting: RHB Tommy Baird 0-0: Called Strike
0-1: Ball
1-1: Ground out 4-3 (Groundball, 4, EV 101.9 MPH)
Batting: RHB Dan Fallon 0-0: SINGLE (Line Drive, 8RS, EV 95.0 MPH)
Batting: RHB Jared Speck 0-0: Ball
1-0: Called Strike
1-1: Ball
2-1: Fly out, F7 (Flyball, 78XD, EV 84.4 MPH)
Bottom of the 4th over - 1 run, 2 hits, 0 errors, 1 left on base; Miami 3 - Washington 2
TOP OF THE 5TH
Miami Marlins batting - Pitching for Washington Nationals : LHP Joe Hincks
Batting: RHB Jeff Garofalo 0-0: Swinging Strike
0-1: Ball
1-1: Ball
2-1: Ball
3-1: DOUBLE (Flyball, 8LD, EV 100.0 MPH)
Batting: RHB Justin Huff 0-0: Fly out, F7 (Flyball, 7LM, EV 95.6 MPH)
Batting: LHB Andre Gorter 0-0: SINGLE (Line Drive, 78S, EV 93.8 MPH)
Jeff Garofalo to third
Runner from 3rd tries for Home, SAFE, throw by CF to home
Batting: RHB Jimmy Groseclose 0-0: Ball
1-0: Foul Ball, location: 2F
1-1: Ball
Andre Gorter is caught stealing 2nd base 2-4
2-1: Ground out 6-3 (Groundball, 6MD, EV 80.0 MPH)
Top of the 5th over - 1 run, 2 hits, 0 errors, 0 left on base; Miami 4 - Washington 2
BOTTOM OF THE 5TH
Washington Nationals batting - Pitching for Miami Marlins : LHP Paul Cantrell
Batting: SHB Andrew Wray II 0-0: Ball
1-0: Ball
2-0: SINGLE (Groundball, 34D, EV 93.8 MPH)
Batting: LHB Seth Cook 0-0: Called Strike
0-1: Ball
1-1: Swinging Strike
1-2: Strikes out looking
Batting: RHB Luis Torres 0-0: Ball
1-0: Ball
2-0: Called Strike
2-1: SINGLE (Line Drive, 34D, EV 101.9 MPH)
Andrew Wray II to second
Batting: RHB C.J. Beavers 0-0: Called Strike
0-1: Ball
1-1: Foul Ball, location: 2F
1-2: Foul Ball, location: 2F
1-2: SINGLE (Groundball, 4MS, EV 62.5 MPH) (infield hit)
Andrew Wray II to third
Luis Torres to second
Batting: SHB Junzo Kato 0-0: Ball
1-0: Called Strike
1-1: Swinging Strike
1-2: Strikes out looking
Batting: RHB John Sanders 0-0: Ball
1-0: Foul Ball, location: 2F
1-1: Ball
2-1: Ball
3-1: Foul Ball, location: 2F
3-2: Base on Balls
Andrew Wray II scores
Luis Torres to third
C.J. Beavers to second
Batting: RHB Tommy Baird 0-0: Ball
1-0: Called Strike
1-1: Called Strike
1-2: Foul Ball, location: 2F
1-2: Foul Ball, location: 2F
1-2: Ball
2-2: Ground out 5-3 (Groundball, 56S, EV 75.0 MPH)
Bottom of the 5th over - 1 run, 3 hits, 0 errors, 3 left on base; Miami 4 - Washington 3
TOP OF THE 6TH
Miami Marlins batting - Pitching for Washington Nationals : LHP Joe Hincks
Batting: RHB Mark Barger 0-0: Fly out, F3 (Line Drive, 3, EV 69.4 MPH)
Batting: RHB Roger Salazar 0-0: Ground out 5-3 (Groundball, 56, EV 83.8 MPH)
Batting: RHB Seth Tramontano 0-0: Foul Ball, location: 2F
0-1: Swinging Strike
0-2: Foul Ball, location: 2F
0-2: Foul Ball, location: 2F
0-2: Strikes out looking
Top of the 6th over - 0 runs, 0 hits, 0 errors, 0 left on base; Miami 4 - Washington 3
BOTTOM OF THE 6TH
Washington Nationals batting - Pitching for Miami Marlins : LHP Paul Cantrell
Batting: RHB Dan Fallon 0-0: Called Strike
0-1: Ball
1-1: Ball
2-1: Ball
3-1: Base on Balls
Batting: RHB Jared Speck 0-0: Called Strike
0-1: Called Strike
0-2: Ball
1-2: Grounds into double play, 5-4-3 (Groundball, 5, EV 88.1 MPH)
Batting: SHB Andrew Wray II 0-0: Ball
1-0: SINGLE (Groundball, 5S, EV 73.1 MPH) (infield hit)
Pitching: RHP Jonah Syndergaard
Batting: LHB Seth Cook 0-0: Ball
1-0: Swinging Strike
1-1: Ball
2-1: SINGLE (Line Drive, 4D, EV 97.5 MPH)
Andrew Wray II to second
Runner from 2nd tries for 3rd, SAFE, throw by CF made to third
Batting: RHB Luis Torres 0-0: Ball
1-0: Called Strike
1-1: Ground out 6-3 (Groundball, 56, EV 98.1 MPH)
Bottom of the 6th over - 0 runs, 2 hits, 0 errors, 2 left on base; Miami 4 - Washington 3
TOP OF THE 7TH
Miami Marlins batting - Pitching for Washington Nationals : LHP Joe Hincks
Batting: RHB Micah Christopher 0-0: Ball
1-0: Fly out, F8 (Flyball, 8LM, EV 90.0 MPH)
Batting: RHB Steve Barnard 0-0: Called Strike
0-1: Called Strike
0-2: Foul Ball, location: 2F
0-2: Strikes out swinging
Batting: RHB Jeff Garofalo 0-0: Ball
1-0: Foul Ball, location: 2F
1-1: Foul Ball, location: 2F
1-2: Ball
2-2: Foul Ball, location: 2F
2-2: SINGLE (Groundball, 56D, EV 106.9 MPH)
Batting: RHB Justin Huff 0-0: Called Strike
Jeff Garofalo steals 2nd base
0-1: Foul Ball, location: 2F
0-2: Ball
1-2: SINGLE (Groundball, 6S, EV 68.8 MPH) (infield hit)
Jeff Garofalo to third
Batting: LHB Andre Gorter 0-0: Foul Ball, location: 2F
0-1: Fielders Choice at 2nd, 6-4 (Groundball, 6, EV 100.0 MPH)
Top of the 7th over - 0 runs, 2 hits, 0 errors, 2 left on base; Miami 4 - Washington 3
BOTTOM OF THE 7TH
Washington Nationals batting - Pitching for Miami Marlins : RHP Jonah Syndergaard
Batting: RHB C.J. Beavers 0-0: Ball
1-0: Ball
2-0: Called Strike
2-1: Ball
3-1: Base on Balls
Batting: SHB Junzo Kato 0-0: Ball
1-0: Grounds into double play, 4-6-3 (Groundball, 34, EV 83.8 MPH)
Batting: RHB John Sanders 0-0: Ball
1-0: SINGLE (Line Drive, 7S, EV 103.8 MPH)
Batting: RHB Tommy Baird
Batting: LHB Armando Carbajal 0-0: Ball
1-0: Ball
2-0: Ball
3-0: Ground out 5-3 (Groundball, 15, EV 82.5 MPH)
Bottom of the 7th over - 0 runs, 1 hit, 0 errors, 1 left on base; Miami 4 - Washington 3
TOP OF THE 8TH
Miami Marlins batting - Pitching for Washington Nationals : LHP Joe Hincks
Pitching: LHP Chris Baran
Batting: RHB Jimmy Groseclose 0-0: Ball
1-0: Ball
2-0: Ball
3-0: Called Strike
3-1: Swinging Strike
3-2: Strikes out swinging
Batting: RHB Mark Barger 0-0: Ground out 5-3 (Groundball, 56S, EV 76.9 MPH)
Batting: RHB Roger Salazar 0-0: Called Strike
0-1: Ball
1-1: Foul Ball, location: 2F
1-2: Strikes out looking
Top of the 8th over - 0 runs, 0 hits, 0 errors, 0 left on base; Miami 4 - Washington 3
BOTTOM OF THE 8TH
Washington Nationals batting - Pitching for Miami Marlins : RHP Jonah Syndergaard
Batting: RHB Dan Fallon 0-0: Ball
1-0: Fly out, F8 (Flyball, 8LD, EV 92.5 MPH)
Batting: RHB Jared Speck 0-0: Called Strike
0-1: Ball
1-1: SINGLE (Flyball, 4D, EV 93.1 MPH)
Pitching: LHP Patrick Meesters
Batting: SHB Andrew Wray II 0-0: Ball
1-0: SINGLE (Groundball, 34D, EV 97.5 MPH)
Jared Speck to second
Runner from 2nd tries for 3rd, OUT! 9-5
Andrew Wray II to second
Pinch Hitting: RHB Masashi Yukizawa 0-0: Ball
1-0: Called Strike
1-1: Ball
2-1: DOUBLE (Line Drive, 9LS, EV 101.9 MPH)
Andrew Wray II scores
Batting: RHB Luis Torres 0-0: Ball
1-0: Ball
2-0: Called Strike
2-1: Ball
3-1: Called Strike
3-2: Foul Ball, location: 2F
3-2: Base on Balls
Batting: RHB C.J. Beavers 0-0: Foul Ball, location: 2F
0-1: Foul Ball, location: 2F
0-2: Foul Ball, location: 2F
0-2: Ball
1-2: Foul Ball, location: 2F
1-2: Strikes out swinging
Bottom of the 8th over - 1 run, 3 hits, 0 errors, 2 left on base; Miami 4 - Washington 4
TOP OF THE 9TH
Miami Marlins batting - Pitching for Washington Nationals : LHP Chris Baran
Pitching: RHP Manuel Romero
Now at 1B: Junzo Kato
Now at 3B: Masashi Yukizawa
Batting: RHB Seth Tramontano 0-0: Ball
1-0: Ball
2-0: Foul Ball, location: 2F
2-1: Swinging Strike
2-2: Strikes out swinging
Batting: RHB Micah Christopher 0-0: Swinging Strike
0-1: Foul Ball, location: 2F
0-2: Ball
1-2: Strikes out swinging
Batting: RHB Steve Barnard 0-0: Ball
1-0: Ball
2-0: DOUBLE (Flyball, 8LXD, EV 95.6 MPH)
Batting: RHB Jeff Garofalo 0-0: Intentional Walk
Batting: RHB Justin Huff 0-0: Swinging Strike
0-1: Called Strike
0-2: Strikes out swinging
Top of the 9th over - 0 runs, 1 hit, 0 errors, 2 left on base; Miami 4 - Washington 4
BOTTOM OF THE 9TH
Washington Nationals batting - Pitching for Miami Marlins : LHP Patrick Meesters
Pitching: RHP Alex Mora
Batting: SHB Junzo Kato 0-0: Ball
1-0: Ball
2-0: Called Strike
2-1: SINGLE (Groundball, 25, EV 65.0 MPH) (infield hit)
Batting: RHB John Sanders 0-0: Called Strike
0-1: Ball
1-1: Ball
2-1: Foul Ball, location: 2F
2-2: Strikes out swinging
Batting: LHB Armando Carbajal 0-0: Ball
1-0: Foul Ball, location: 2F
1-1: Ball
2-1: Ball
3-1: Foul Ball, location: 2F
3-2: 2-RUN HOME RUN (Flyball, 78XD, EV 100.6 MPH), Distance : 423 ft
Bottom of the 9th over - 2 runs, 2 hits, 0 errors, 0 left on base; Miami 4 - Washington 6
Game Over ... Washington defeats Miami, 6 to 4
Thursday, March 31st , 2022 - OOTP Baseball 22.12 Build 89